 Dungeon Crawl Stone Soup version 0.24.0-123-gd5b16e6ec5 (webtiles) character file.

Game seed: 2571652755860906990, levelgen mode: deterministic

390 sagitran the Shield-Bearer (level 6, -1/51 HPs)
             Began as a Demigod Fighter on Dec 20, 2019.
             Slain by a sky beast (5 damage)
             ... on level 5 of the Dungeon.
             The game lasted 00:16:51 (3543 turns).

sagitran the Shield-Bearer (Demigod Fighter)        Turns: 3543, Time: 00:16:51

Health: -1/51      AC:  9    Str: 26    XL:     6   Next: 25%
Magic:  8/8        EV:  8    Int: 12    God:
Gold:   216        SH: 10    Dex: 17    Spells: 5/5 levels left

rFire    . . .     SeeInvis .   a - +0 long sword
rCold    . . .     Gourm    .   c - +0 shield
rNeg     . . .     Faith    .   b - +0 scale mail
rPois    .         Spirit   .   (no helmet)
rElec    .         Reflect  .   e - +0 cloak
rCorr    .         Harm     .   (no gloves)
MR       .....                  p - +0 pair of boots
Stlth    ..........             (no amulet)
HPRegen  0.17/turn              (no ring)
MPRegen  0.11/turn              (no ring)

@: mighty, lethally poisoned (-1 -> -3)
A: high mp 1
a: no special abilities


You were on level 5 of the Dungeon.
You were hungry.

You visited 1 branch of the dungeon, and saw 5 of its levels.

You collected 216 gold pieces.

Inventory:

Hand Weapons
 a - a +0 long sword (weapon)
Armour
 b - a +0 scale mail (worn)
 c - a +0 shield (worn)
 e - a +0 cloak (worn)
 p - a +0 pair of boots (worn)
Wands
 v - a wand of random effects (21)
Scrolls
 g - a scroll of fear
 h - 8 scrolls of teleportation
 i - 5 scrolls of immolation
 j - 3 scrolls of identify
 k - 2 scrolls of remove curse {unknown}
 l - 4 scrolls of enchant armour {unknown}
 q - a scroll of magic mapping
 r - a scroll of enchant weapon {unknown}
 u - a scroll of amnesia {unknown}
Potions
 d - 2 potions of might
 m - a potion of heal wounds
 n - a potion of curing
 o - 2 potions of brilliance
 s - 2 potions of flight
Comestibles
 f - 8 rations


   Skills:
 + Level 3.3 Fighting
 + Level 3.9 Long Blades
 + Level 3.7 Armour
 + Level 1.5 Dodging
 + Level 0.1 Stealth
 + Level 4.1 Shields


You had 5 spell levels left.
You didn't know any spells.
Your spell library was empty.

Dungeon Overview and Level Annotations

Branches:
Dungeon (5/15)
 Temple: D:4-7


Innate Abilities, Weirdness & Mutations

You have an increased reservoir of magic. (+10% MP)


Message History

You block the adder's attack. Something hits you but does no damage.
The jackal zombie bites you but does no damage.
The adder bites you but does no damage.
You slash the adder!
You kill the adder!
You feel sick. You block the jackal zombie's attack. Something hits you.
Something shocks you.
* * * LOW HITPOINT WARNING * * *
The jackal zombie bites you but does no damage.
You hit the jackal zombie.
The jackal zombie is heavily damaged.
Something hits you.
* * * LOW HITPOINT WARNING * * *
Something shocks you.
* * * LOW HITPOINT WARNING * * *
The jackal zombie bites you but does no damage.
Something hits you.
* * * LOW HITPOINT WARNING * * *
Something shocks you.
You die...

<..............
.........>.....
...............
...............
...............
...............
.............##
......Z†{...##
....##.@...##
#### #######


You could see a jackal zombie.

Vanquished Creatures
  An ogre (D:4)
  An orc wizard (D:3)
  Terence (D:2)
  3 worker ants (D:4)
  6 adders
  An adder skeleton (D:3)
  3 worms
  3 dart slugs
  7 leopard geckos
  9 orcs
  3 giant cockroaches
  4 goblins
  10 hobgoblins
  7 jackals
  6 kobolds
  4 quokkas
  3 ball pythons
  5 bats
  3 frilled lizards
  26 rats
106 creatures vanquished.

Notes
Turn   | Place    | Note
-------+----------+-------------------------------------------
     0 | D:1      | sagitran the Demigod Fighter began the quest for the Orb.
     0 | D:1      | Reached XP level 1. HP: 18/18 MP: 3/3
   443 | D:1      | Reached XP level 2. HP: 21/25 MP: 4/4
   779 | D:2      | Noticed Terence
   804 | D:2      | Killed Terence
   804 | D:2      | Reached skill level 3 in Shields
   804 | D:2      | Reached XP level 3. HP: 16/31 MP: 5/5
   848 | D:2      | Found a sparkling altar of Nemelex Xobeh.
  1130 | D:2      | Reached XP level 4. HP: 20/38 MP: 6/6
  1647 | D:2      | Reached skill level 1 in Dodging
  1973 | D:3      | Reached XP level 5. HP: 40/45 MP: 7/7
  2092 | D:4      | Noticed an ogre
  3029 | D:4      | Found an opulent altar of Gozag.
  3060 | D:4      | Killed an ogre
  3060 | D:4      | Reached skill level 4 in Shields
  3060 | D:4      | Reached XP level 6. HP: 25/51 MP: 8/8
  3516 | D:5      | Entered Level 5 of the Dungeon
  3543 | D:5      | Slain by a sky beast

Levels and vault maps discovered:
D:1:      psy_arrival_radial01, layout_loops_ring
D:2:      kennysheep_big_flooded_room, layout_basic,
          nemelex_xobeh_ov_fountains_minmay, first_ration, uniq_terence
D:3:      layout_basic
D:4:      layout_layer_cave, nicolae_overflow_hidden_temple, minmay_rat_hole
D:5:      layout_rooms, marbit_many_paths

Skill      XL: |  1  2  3  4  5 |
---------------+----------------+-----
Long Blades    | 2 3 |  3.9
Fighting       | 3 |  3.3
Armour         | 3 |  3.7
Shields        | 3 4 |  4.1
Dodging        | 1 |  1.5
Stealth        | |  0.1

Action                   |  1- 3 |  4- 6 || total
-------------------------+-------+-------++-------
Melee: Long sword        |   118 |   256 ||   374
Throw: Throwing net      |       |     1 ||     1
  Use: Scroll            |     2 |     5 ||     7
       Potion            |       |     5 ||     5
  Eat: Ration            |       |     2 ||     2
       Chunk             |       |     2 ||     2
Armor: Scale mail        |    50 |   217 ||   267
Dodge: Dodged            |    45 |   133 ||   178
Block: Shield            |    68 |   242 ||   310
       Rpst.: Long sword |    11 |    34 ||    45
